 Dungeon Crawl Stone Soup version 0.28.0-43-g3370ac3207 (webtiles) character file.

Game seed: 12089111588010901230

23200 CuBeRJAN3 the Grappler (level 12, -5/128 HPs)
             Began as a Troll Monk on Mar 29, 2022.
             Was a High Priest of Zin.
             Killed from afar by a swamp worm (22 damage)
             ... with a harpoon shot
             ... on level 4 of the Lair of Beasts.
             The game lasted 00:45:21 (12831 turns).

CuBeRJAN3 the Grappler (Troll Monk)                Turns: 12831, Time: 00:45:21

Health: -5/128     AC:  7    Str: 24    XL:     12   Next: 69%
Magic:  14/14      EV: 19    Int:  6    God:    Zin [*****.]
Gold:   427        SH:  5    Dex: 20    Spells: 11/11 levels left

rFire   . . .      SeeInvis .     - Unarmed
rCold   . . .      Faith    .   (no shield)
rNeg    . . .      Spirit   .   G - +0 robe "Fawn" {Dex+6}
rPois   .          Reflect  +   (helmet restricted)
rElec   .          Harm     .   s - +2 cloak
rCorr   .          Rampage  .   (gloves unavailable)
Will    .....                   (boots unavailable)
Stlth   +++.......              k - amulet of reflection
HPRegen 1.11/turn               H - ring of flight
MPRegen 0.14/turn               A - +4 ring of evasion

@: flying, slowed, very slow
A: large, unfitting armour, claws 3, regeneration 1, shaggy fur 1, tough skin 1
a: Renounce Religion, Recite, Vitalisation, Imprison, Sanctuary, Donate Gold


You were on level 4 of the Lair of Beasts.
You worshipped Zin.
Zin was extremely pleased with you.
You visited 3 branches of the dungeon, and saw 14 of its levels.

You collected 671 gold pieces.
You donated 244 gold pieces to Zin.

Inventory:

Missiles
 u - 4 throwing nets (quivered)
Armour
 i - a +0 tower shield
 s - a +2 cloak (worn)
 B - an orb of wrath
 G - the +0 robe "Fawn" (worn) {Dex+6}
   (You found it on level 2 of the Lair of Beasts)

   Dex:       It affects your dexterity (+6).
Jewellery
 k - an amulet of reflection (around neck)
 m - a ring of magical power
 x - a ring of positive energy
 A - a +4 ring of evasion (right claw)
 H - a ring of flight (left claw)
Wands
 w - a wand of flame (18)
 J - a wand of charming (5)
 K - a wand of iceblast (7)
Scrolls
 a - a scroll of holy word
 g - a scroll of enchant weapon
 h - a scroll of vulnerability
 n - 3 scrolls of teleportation
 o - 2 scrolls of noise
 p - 3 scrolls of fog
 q - a scroll of silence
 r - 4 scrolls of fear
 y - a scroll of magic mapping {unknown}
 C - 2 scrolls of amnesia
 F - a scroll of identify
 I - 2 scrolls of enchant armour
Potions
 b - 2 potions of haste
 c - a potion of lignification {unknown}
 d - 3 potions of flight
 e - 2 potions of berserk rage {unknown}
 f - 2 potions of degeneration
 j - 7 potions of curing
 l - 4 potions of attraction
 t - a potion of might {unknown}
 v - a potion of cancellation {unknown}
 z - 2 potions of resistance
 D - a potion of brilliance {unknown}


   Skills:
 + Level 10.6 Fighting
 + Level 9.1 Dodging
 - Level 6.0 Stealth
 + Level 10.8 Unarmed Combat
 + Level 4.2 Invocations


You had 11 spell levels left.
You didn't know any spells.
Your spell library contained the following spells:

 Spells                   Type           Power      Damage    Failure   Level
 Sting                    Tmut/Pois      0%         1d3       45%         1
 Ensorcelled Hibernation  Hex/Ice        0%         N/A       58%         2
 Passwall                 Tmut/Erth      0%         N/A       58%         2
 Poisonous Vapours        Pois/Air       0%         N/A       58%         2
 Call Canine Familiar     Summ           0%         N/A       83%         3
 Dazzling Flash           Conj/Hex       0%         N/A       83%         3
 Gell's Gravitas          Tloc           0%         N/A       83%         3
 Portal Projectile        Hex/Tloc       0%         N/A       83%         3
 Swiftness                Air            0%         N/A       83%         3
 Teleport Other           Tloc           0%         N/A       83%         3
 Iskenderun's Mystic Bla  Conj/Tloc      0%         2d3       99%         4
 Leda's Liquefaction      Hex/Erth       0%         N/A       99%         4
 Olgreb's Toxic Radiance  Pois           0%         N/A       99%         4
 Fireball                 Conj/Fire      0%         3d3       100%        5
 Iskenderun's Battlesphe  Conj           0%         2d6       100%        5
 Conjure Ball Lightning   Conj/Air       0%         3x3d6     100%        6
 Dispersal                Tloc           0%         N/A       100%        6
 Starburst                Conj/Fire      0%         6d3       100%        6
 Orb of Destruction       Conj           0%         9d5       100%        7


Dungeon Overview and Level Annotations

Branches:
Dungeon (9/15)             Temple (1/1) D:6            Lair (4/6) D:9
  Snake (0/4) Lair:2
  Swamp: Lair:2-4    Shoals: Lair:2-4       Orc: D:9-12

Altars:
Ashenzari
Cheibriados
Dithmenos
Elyvilon
Fedhas
Gozag
Hepliaklqana
Kikubaaqudgha
Makhleb
Nemelex Xobeh
Okawaru
Qazlal
Ru
Trog
Uskayaw
Vehumet
Wu Jian
Xom
Yredelemnul
Zin
The Shining One
Jiyva

Annotations:
D:7 2 runed translucent doors, exclusion: 2 doors, Sensen's ghost, novice HOMo
D:8 2 transporters, exclusions: downstairs and 1 more exclusion
D:9 Psyche


Innate Abilities, Weirdness & Mutations

You are too large for most types of armour.
You have claws for hands.
Your natural rate of healing is unusually fast.
You are covered in fur. (AC +1)
You have tough skin. (AC +1)


Message History

You closely miss the swamp worm.
The swamp worm is lightly wounded.
The bog body barely misses you. The swamp worm completely misses you.
You completely miss the swamp worm.
The swamp worm is lightly wounded.
The swamp worm bites you. The bog body completely misses you.
You scratch the swamp worm. You claw the swamp worm!
The swamp worm is heavily wounded.
The swamp worm bites you. The bog body casts a spell at you.
You feel yourself slow down.
You scratch the swamp worm.
The swamp worm is heavily wounded.
The swamp worm bites you but does no damage.
The bog body touches you but does no damage.
You barely miss the swamp worm.
The swamp worm is heavily wounded.
The swamp worm bites you!!
The bog body points at you and mumbles some strange words.
The bolt of cold hits you!! The swamp worm bites you!!
You scratch the swamp worm but do no damage.
The swamp worm is heavily wounded.
The swamp worm fires a harpoon shot at you.
The harpoon shot reflects off an invisible shield around you!
The harpoon shot hits the swamp worm!
The bog body barely misses you. The swamp worm completely misses you.
The swamp worm bites you! The bog body casts a spell at you.
The bolt of cold misses you.
The swamp worm fires a harpoon shot at you.
The harpoon shot hits you!
You are yanked forward by the harpoon shot.
The bog body touches you.
* * * LOW HITPOINT WARNING * * *
The bog body freezes you!!
* * * LOW HITPOINT WARNING * * *
The swamp worm completely misses you. The swamp worm closely misses you.
The swamp worm fires a harpoon shot at you.
The harpoon shot hits you!!
You die...

##..<.......#.....
##P..).......P.....
##########..................
..##P#.##..#................
#....................(......
..♣♣♣♣♣♣♣♣.............>.... ♣♣♣
♣♣♣♣♣♣♣♣♣.....####.+##
≈≈≈≈≈≈≈≈♣♣♣....# #.#
♣.....nw.@⌠..#......#
...♣....w..⌠..###.. ##
≈≈≈≈♣≈≈≈♣♣♣...## ♣♣♣
♣♣♣♣♣♣♣♣♣...#..#..........
..♣♣♣♣♣♣♣♣........#.P#.........##
......#♣.♣##.....#...............
......##..§'.....P..............#
.......##.##........#..........#
......######.....P..#....D.....##


You could see a bog body and 2 swamp worms.

Vanquished Creatures
  Harold (Lair:2)
  10 elephants
  2 black mambas (Lair:2)
  4 cane toads
  6 komodo dragons
  A hornet (D:9)
  A polar bear (Lair:4)
  Prince Ribbit (Lair:1)
  A dream sheep (Lair:3)
  8 blink frogs
  5 wyverns
  34 yaks
  3 basilisks
  An acid dragon (D:9)
  17 water moccasins
  Duvessa (D:7)
  An orc warrior (D:8)
  2 ice beasts
  5 black bears
  An ogre (D:5)
  A sky beast (D:8)
  A necrophage (D:7)
  32 wolves
  2 kobold brigands
  11 bullfrogs
  A scorpion (D:5)
  Dowan (D:7)
  4 wights (D:4)
  6 electric eels
  2 howler monkeys
  A centaur zombie (D:8)
  3 hounds
  A centaur skeleton (D:7)
  2 orc priests
  2 iguanas (D:5)
  4 orc wizards
  5 hell rats (Lair:3)
  A howler monkey zombie (D:6)
  3 gnolls (D:5)
  6 adders
  A white imp (D:5)
  2 ufetubi (D:4)
  2 worms
  2 dart slugs
  27 orcs
  5 ball pythons
  7 bats
  6 endoplasms
  5 giant cockroaches
  8 goblins
  4 hobgoblins
  16 kobolds
  3 quokkas
  5 frilled lizards
  5 rats
292 creatures vanquished.

Vanquished Creatures (others)
  99 fungi
  100 plants
199 creatures vanquished.

Grand Total: 491 creatures vanquished

Notes
Turn   | Place    | Note
-------+----------+-------------------------------------------
     0 | D:1      | CuBeRJAN3 the Troll Monk began the quest for the Orb.
     0 | D:1      | Reached XP level 1. HP: 22/22 MP: 0/0
     4 | D:1      | Noticed a five-headed hydra
     7 | D:1      | Noticed an elephant
    76 | D:1      | Reached XP level 2. HP: 29/29 MP: 1/1
   532 | D:2      | Reached XP level 3. HP: 36/36 MP: 2/2
   803 | D:2      | Identified the +9 dagger "Jusmof" {flame, Drain rPois
                  | Dex+2}
  1160 | D:3      | Reached XP level 4. HP: 44/44 MP: 3/3
  1291 | D:3      | Found a faded altar of an unknown god.
  1766 | D:4      | Reached XP level 5. HP: 53/53 MP: 4/4
  2026 | D:4      | Reached XP level 6. HP: 55/61 MP: 5/5
  2472 | D:5      | Entered Level 5 of the Dungeon
  2567 | D:5      | Reached XP level 7. HP: 48/68 MP: 6/6
  2825 | D:5      | Reached skill level 5 in Unarmed Combat
  3685 | D:6      | Found a staircase to the Ecumenical Temple.
  3711 | Temple   | Entered the Ecumenical Temple
  3961 | Temple   | Became a worshipper of Zin the Law-Giver
  3961 | Temple   | Reached * piety under Zin
  3961 | Temple   | Reached ** piety under Zin
  3965 | Temple   | Donated 91 gold pieces to Zin
  4252 | D:6      | Reached *** piety under Zin
  4624 | D:7      | Reached XP level 8. HP: 70/79 MP: 7/7
  4805 | D:7      | Noticed Duvessa
  4805 | D:7      | Noticed Dowan
  4818 | D:7      | Killed Duvessa
  4926 | D:7      | Killed Dowan
  5205 | D:7      | Found a large runed translucent door.
  5205 | D:7      | Found a large runed translucent door.
  5206 | D:7      | Noticed Sensen's ghost (novice HOMo)
  5264 | D:7      | Reached skill level 5 in Fighting
  5572 | D:8      | Reached skill level 5 in Dodging
  5701 | D:8      | Noticed a slime creature
  5708 | D:8      | Found a viscous altar of Jiyva.
  5708 | D:8      | Noticed a slime creature
  5709 | D:8      | Noticed a slime creature
  5709 | D:8      | Noticed a glowing orange brain
  5792 | D:8      | Reached **** piety under Zin
  5812 | D:8      | Donated 86 gold pieces to Zin
  6193 | D:8      | Noticed a slime creature
  6193 | D:8      | Noticed a slime creature
  6194 | D:8      | Found a transporter.
  6197 | D:8      | Noticed a slime creature
  6198 | D:8      | Found a transporter.
  6198 | D:8      | Noticed a slime creature
  6323 | D:9      | Noticed a komodo dragon
  6350 | D:9      | Found a staircase to the Lair.
  6399 | D:9      | Noticed a hornet
  6615 | D:9      | Killed a hornet
  6616 | D:9      | Reached XP level 9. HP: 50/89 MP: 8/8
  6680 | D:9      | Noticed Psyche
  6910 | D:8      | Killed a komodo dragon
  7109 | D:9      | Noticed a boulder beetle
  7189 | Lair:1   | Entered Level 1 of the Lair of Beasts
  7373 | D:9      | Reached XP level 10. HP: 59/102 MP: 9/9
  7926 | Lair:1   | Noticed a cane toad
  7938 | Lair:1   | Killed a cane toad
  8412 | Lair:1   | Reached skill level 5 in Stealth
  8759 | Lair:1   | Reached XP level 11. HP: 59/113 MP: 10/10
  9355 | Lair:2   | Reached ***** piety under Zin
  9775 | Lair:2   | Noticed Harold
  9783 | Lair:2   | Noticed Prince Ribbit
  9814 | Lair:1   | Killed Prince Ribbit
  9956 | Lair:2   | Identified the +0 robe "Fawn" {Dex+6}
 10033 | Lair:2   | Found a staircase to the Snake Pit.
 10281 | Lair:2   | Killed Harold
 10497 | Lair:3   | Identified the +4 dagger "Jopnilod" {freeze, Int+3}
 10648 | Lair:3   | Reached skill level 1 in Invocations
 10731 | Lair:3   | Reached skill level 10 in Fighting
 10731 | Lair:3   | Reached XP level 12. HP: 105/126 MP: 10/12
 10864 | Lair:3   | Reached skill level 10 in Unarmed Combat
 12227 | Lair:4   | Noticed a seven-headed hydra
 12262 | Lair:4   | Identified the +9 long sword of Amorality {drain, Dex+2}
 12670 | Lair:4   | HP: 6/128 [14-headed hydra (15)]
 12670 | Lair:4   | HP: 1/128 [14-headed hydra (5)]
 12670 | Lair:4   | Zin protects you from harm!
 12831 | Lair:4   | Killed from afar by a swamp worm

Illustrated notes

Levels and vault maps discovered:
D:1:      sevenhm_arrival_forest_fort_small_2, layout_rooms, serial_park_tiny_1
D:2:      layout_rooms, serial_corexii_hall, corexii_hall_statues_s,
          corexii_hall_statues_i
D:3:      layout_rooms, basic_ecumenical_altar, minmay_misc_feat_more_columns
D:4:      layout_loops_ring
D:5:      layout_basic, chequers_serial_rivers_room_b, dk_noncrumbling_4,
          nicolae_concentric_dashed_squares_wild
D:6:      layout_basic, minmay_temple_entry_grid
D:7:      layout_gridville, ebering_ghost_disaster_area, uniq_duvessa
D:8:      gammafunk_jiyva_shrine, layout_loops_ring
D:9:      layout_roguey, due_lair_maze_entry_diamond, hangedman_decor_riveting,
          uniq_psyche
Temple:   mainiacjoe_temple_hex_bubbles
Lair:1:   layout_layer_cave, infiniplex_staircase_pool, lemuel_fruit_fields
Lair:2:   layout_long_grid, minmay_snake_entry_six_corridors,
          beast_lair_carwin_6, uniq_harold, uniq_prince_ribbit2
Lair:3:   layout_regular_city, serial_bayou_shore_b, serial_bayou_shore_a,
          wad_woods_river_01
Lair:4:   layout_roguey, nicolae_swamp_entry_splash_gauntlet,
          gammafunk_ghost_hydra_chop

Skill      XL: |  1  2  3  4  5  6  7  8  9 10 11 12 |
---------------+-------------------------------------+-----
Dodging        | 3 4 5 6 7 8 9 |  9.1
Fighting       | 3 4 5 7 8 10 | 10.6
Unarmed Combat | 4 5 6 7 8 9 10 | 10.8
Stealth        | 2 3 4 5 6 |  6.0
Invocations    | 1 4 |  4.2

Action                   |  1- 3 |  4- 6 |  7- 9 | 10-12 || total
-------------------------+-------+-------+-------+-------++-------
Melee: Unarmed           |    91 |   148 |   304 |   687 ||  1230
       Punch             |     3 |     9 |    15 |    60 ||    87
Invok: Donate Gold       |       |       |     2 |       ||     2
       Vitalisation      |       |       |     2 |     2 ||     4
       Recite            |       |       |     1 |     1 ||     2
  Use: Scroll            |       |       |    14 |     9 ||    23
 Stab: Sleeping          |     5 |     4 |       |     5 ||    14
       Distracted        |       |       |       |     5 ||     5
Armor: Robe              |    30 |    37 |    73 |   148 ||   288
Dodge: Dodged            |    32 |    38 |   185 |   660 ||   915
Block: Other             |     6 |    23 |    58 |   175 ||   262
       Tower shield      |     2 |       |       |       ||     2
       Reflection        |       |     1 |       |     1 ||     2
